Build Orders - Match 35365953 - cohdb - Company of Heroes 3 Replays
cohdb
Replays
Latest Replays
All Replays
Popular Replays
Top Player Replays
Match Explorer
How It Works
Community
CoH3 Stats
Reddit
Sign in to upload your games and track your stats! →
Sign in with Steam
Match 35365953
Unlisted
Match 35365953
Overview
Messages
Build Orders
End
Construct Infanterie Kompanie
Selects Mechanized Battlegroup
Selects Mechanized Battlegroup
MG 42 Machine Gun Team
Grenadier Squad
Grenadier Squad
MG 42 Machine Gun Team
Construct Panzergrenadier Kompanie
251 Medium Carrier
Pak 40 Anti-tank Gun Team
Selects Spotting Scopes
251 Medium Carrier
Pak 40 Anti-tank Gun Team
Selects Wespe Self-propelled Artillery
Pioneer Squad
251 Medium Carrier
Selects Raid Package
Selects 8 Rad Armored Car
8 Rad Armored Car
Grenadier Squad
8 Rad Armored Car
Pioneer Squad
Pak 40 Anti-tank Gun Team
Selects UNKNOWN (2160084)
Crashing this Game
THE one-冰封夕阳
冥雨
Machoman
CommieKillerz
BlackJackKing
HackerBlack_Sunday
Chicharito
0
0
Comments
sign in to comment!
No comments posted yet!